Devils vs Hurricanes

Created - 2 mars 2018 at 15:55

Goals
1 2 3 T
Devils 1 1 1 3
Hurricanes 2 2 0 4
Shots
1 2 3 T
Devils 11 13 12 36
Hurricanes 12 14 12 38

1st period

1. Hurricanes , Nikita Kucherov 14 (Brian Lee 13, Chris Kunitz 29) at 3:37
2. Devils , Adam Berti 15 (Michal Rozsival 25, Nikolai Lemtyugov 23) at 6:52
3. Hurricanes , Tomas Pospisil 18 (Daniel Briere 28, Nikita Kucherov 18) at 19:28

Penalties :
Juraj Kolnik (CAR) for High sticking (Minor) at 0:07, Dustin Penner (NJD) for Cross-checking (Minor) at 0:07, Micki Dupont (NJD) for High sticking (Minor) at 9:04, Daniel Briere (CAR) for Interference (Minor) at 11:12, Rostislav Klesla (NJD) for Tripping (Minor) at 17:18

2nd period

4. Hurricanes , Ilya Kovalchuk 26 (Brett Sterling 30, Kris Russell 18) at 3:02
5. Devils , Nikolai Lemtyugov 18 (Daniel Paille 13) at 8:23 (PP)
6. Hurricanes , Ilya Kovalchuk 27 (Brian Lee 14) at 10:24

Penalties :
Chris Kunitz (CAR) for Tripping (Minor) at 7:29, Micki Dupont (NJD) for Slashing (Minor) at 11:21

3rd period

7. Devils , Brandon Sutter 8 (Artem Anisimov 8, Daniel Paille 14) at 14:41

Penalties :
Adam Berti (NJD) for Hooking (Minor) at 1:53, Adam Berti (NJD) for High sticking (Minor) at 4:10, Daniel Briere (CAR) for Roughing (Minor) at 7:26, Radko Gudas (CAR) for Holding (Minor) at 10:37, Chris Kunitz (CAR) for Hooking (Minor) at 18:24

Goalie Stats

Cody Rudkowsky (NJD), 34 saves from 38 shots - (0,895), L, 2-5-1, 59:01 minutes
Henrik Lundqvist (CAR), 33 saves from 36 shots - (0,917), W, 13-9-1, 60:00 minutes

Players Stats for Devils

Player Name              G  A  P  +/- PIM S  H  SB GA TA FO     MP     PP MP  PK MP  
------------------------------------------------------------------------------------
Adam Berti               1  0  1   0  4   1  4  0  0  0  1/2    18:39   2:39   4:10 
Antoine Vermette         0  0  0   0  0   1  1  0  0  0  10/20  13:46   0:00   6:58 
Artem Anisimov           0  1  1   0  0   0  1  1  0  0  8/17    9:16   0:00   0:00 
Artemi Panarin           0  0  0  -2  0   1  0  0  0  0  2/3    19:31   5:47   0:01 
Auston Matthews          0  0  0   0  0   4  0  1  0  0  8/18   10:58   0:00   0:00 
Brandon Sutter           1  0  1   0  0   1  0  0  0  0  0/0    10:02   0:00   0:46 
Daniel Paille            0  2  2   0  0   3  2  0  0  0  4/7    18:04   2:39   5:04 
Dustin Penner            0  0  0  -2  2   2  2  0  0  0  1/3    19:25   5:47   1:01 
Michal Rozsival          0  1  1   2  0   2  2  2  0  0  0/0    23:10   4:25   4:45 
Michel Ouellet           0  0  0   0  0   1  0  0  0  0  1/2     6:48   0:00   0:00 
Micki Dupont             0  0  0  -2  4   3  5  1  0  0  0/0    20:42   4:01   2:44 
Nikolai Lemtyugov        1  1  2   0  0   3  0  0  0  0  1/3    16:42   2:39   2:11 
Peter Holland            0  0  0   0  0   2  0  0  0  0  0/0     6:48   0:00   0:00 
Rostislav Klesla         0  0  0   1  2   1  4  0  0  0  0/0    23:41   4:25   4:11 
Ryan Kesler              0  0  0  -2  0   5  1  0  0  0  8/25   18:25   5:47   0:00 
Ryan O'Byrne             0  0  0  -2  0   0  2  0  0  0  0/0    13:40   0:00   0:00 
Sami Vatanen             0  0  0  -1  0   4  0  4  0  0  0/0    22:19   4:01   6:19 
Yann Sauve               0  0  0  -2  0   2  0  2  0  0  0/0    16:04   0:00   1:30 

Players Stats for Hurricanes

Player Name              G  A  P  +/- PIM S  H  SB GA TA FO     MP     PP MP  PK MP  
------------------------------------------------------------------------------------
Brett Sterling           0  1  1   2  0   7  0  0  0  0  2/3    19:01   4:37   0:00 
Brian Lee                0  2  2   2  0   0  0  1  0  0  0/0     9:23   0:00   1:20 
Chris Kunitz             0  1  1   0  4   2  1  0  0  0  1/1    10:26   0:20   0:33 
Daniel Briere            0  1  1   1  4   1  1  0  0  0  4/6     6:34   0:20   0:59 
David Brine              0  0  0   0  0   3  3  0  0  0  9/17   13:15   4:37   0:00 
Dylan Reese              0  0  0  -2  0   2  6  1  0  0  0/0    22:18   5:13   0:30 
Ilya Kovalchuk           2  0  2   2  0   4  3  0  0  0  10/17  14:27   0:00   1:05 
Jordan Leopold           0  0  0   2  0   0  0  0  0  0  0/0    22:46   0:35   5:10 
Juraj Kolnik             0  0  0  -1  2   1  2  1  0  0  1/1    19:35   4:02   2:14 
Kris Russell             0  1  1   1  0   2  0  2  0  0  0/0    19:13   4:07   2:42 
Lee Stempniak            0  0  0  -1  0   3  0  0  0  0  1/3    23:11   4:58   4:53 
Marc-Andre Bergeron      0  0  0  -2  0   2  0  2  0  0  0/0    24:13   4:07   3:31 
Marius Holtet            0  0  0   2  0   1  1  0  0  0  2/4    14:17   0:55   0:00 
Mike Ribeiro             0  0  0  -1  0   2  0  0  0  0  23/43  24:17   4:58   4:57 
Mikkel Boedker           0  0  0   1  0   1  0  0  0  0  0/2     4:20   0:00   0:00 
Nikita Kucherov          1  1  2   0  0   3  1  0  0  0  1/1    13:36   4:58   0:00 
Radko Gudas              0  0  0   3  2   1  3  2  0  0  0/0    22:06   5:48   3:39 
Tomas Pospisil           1  0  1   1  0   3  0  0  0  0  2/2     6:31   0:00   2:11 

3 Stars

1 - Ilya Kovalchuk (CAR)
2 - Nikita Kucherov (CAR)
3 - Brian Lee (CAR)

Power Play

Devils - 1 on 5 Attempt(s) - 20,00%
Hurricanes - 0 on 5 Attempt(s) - 0,00%

Penalty Kill

Devils - 5 on 5 Attempt(s) - 100,00% - Score 0 goal in Penalty Kill
Hurricanes - 4 on 5 Attempt(s) - 80,00% - Score 0 goal in Penalty Kill

Team Stat

Devils - Hits : 24 - Faceoff Wins : 44 - Blocked Shots : 11 - Penalty Minutes : 12
Hurricanes - Hits : 21 - Faceoff Wins : 56 - Blocked Shots : 9 - Penalty Minutes : 12

Official

Referees : Olivier Gouin and Brad Meier
Linesman : Kevin Keenan and Brad Kovachik

Game Notes

No Game Note

Finance

Level 1 -- Attendance: 6500 (100,00%) -- Ticket Income 598 000 $
Level 2 -- Attendance: 5184 (94,25%) -- Ticket Income 274 752 $
Level 3 -- Attendance: 2379 (95,16%) -- Ticket Income 85 644 $
Level 4 -- Attendance: 4492 (99,82%) -- Ticket Income 121 284 $
Luxury Box -- Attendance: 1980 (100,00%) -- Ticket Income 273 240 $
Game was played at the RBC Center.
Total Attendance: 20535 (97,88%)
Total Ticket Income: 1 352 920 $
Other Income: 662 931 $
Total Income: 2 015 851 $

Devils

5 vs 5 Forward 
   Center                   Left Wing                Right Wing               Time % Phy DF OF 
 1 Ryan Kesler              Artemi Panarin           Dustin Penner            32     1   1  3  
 2 Auston Matthews          Adam Berti               Nikolai Lemtyugov        26     0   2  3  
 3 Artem Anisimov           Daniel Paille            Brandon Sutter           23     1   2  2  
 4 Antoine Vermette         Peter Holland            Michel Ouellet           19     1   2  2  

5 vs 5 Defense 
   Defense                  Defense                                           Time % Phy DF OF 
 1 Michal Rozsival          Rostislav Klesla                                  34     1   3  1  
 2 Micki Dupont             Sami Vatanen                                      34     0   3  2  
 3 Ryan O'Byrne             Yann Sauve                                        32     1   2  2  
 4 Rostislav Klesla         Micki Dupont                                      0      1   2  2  

PowerPlay Forward 
   Center                   Left Wing                Right Wing               Time % Phy DF OF 
 1 Daniel Paille            Adam Berti               Nikolai Lemtyugov        40     0   1  4  
 2 Ryan Kesler              Artemi Panarin           Dustin Penner            60     0   0  5  

PowerPlay Defense
   Defense                  Defense                                           Time % Phy DF OF 
 1 Michal Rozsival          Rostislav Klesla                                  54     0   2  3  
 2 Micki Dupont             Sami Vatanen                                      46     0   2  3  

Penalty Kill 4 Players Forward 
   Center                   Wing                     Time % Phy DF OF 
 1 Nikolai Lemtyugov        Daniel Paille            45     0   4  1  
 2 Antoine Vermette         Adam Berti               55     0   4  1  

Penalty Kill 4 Players Defense
   Defense                  Defense                  Time % Phy DF OF 
 1 Rostislav Klesla         Micki Dupont             60     0   5  0  
 2 Michal Rozsival          Sami Vatanen             40     0   5  0  

Penalty Kill - 3 Players Forward 
   Forward                                           Time % Phy DF OF 
 1 Nikolai Lemtyugov                                 40     0   5  0  
 2 Artemi Panarin                                    60     0   5  0  

Penalty Kill - 3 Players Defense
   Defense                  Defense                  Time % Phy DF OF 
 1 Micki Dupont             Rostislav Klesla         60     0   5  0  
 2 Adam Berti               Michal Rozsival          40     0   5  0  

4 vs 4 Forward 
   Center                   Wing                     Time % Phy DF OF 
 1 Adam Berti               Nikolai Lemtyugov        40     0   2  3  
 2 Daniel Paille            Artemi Panarin           60     0   2  3  

4 vs 4 Defense
   Defense                  Defense                  Time % Phy DF OF 
 1 Michal Rozsival          Rostislav Klesla         60     1   2  2  
 2 Micki Dupont             Yann Sauve               40     1   2  2  

Last Minutes Offensive
   Center                   Left Wing                Right Wing               Defense                  Defense                  
   Ryan Kesler              Artemi Panarin           Nikolai Lemtyugov        Yann Sauve               Michal Rozsival          

Last Minutes Defensive
   Center                   Left Wing                Right Wing               Defense                  Defense                  
   Ryan Kesler              Daniel Paille            Dustin Penner            Rostislav Klesla         Micki Dupont             

Goaltenders
Starting : Cody Rudkowsky           
Backup : Antti Niemi              

Extra Forwards
Normal : Artemi Panarin, Adam Berti, Nikolai Lemtyugov - PP : Artemi Panarin, Adam Berti - PK : Antoine Vermette
Extra Defensemen
Normal : Michal Rozsival, Adam Berti, Rostislav Klesla - PP : Rostislav Klesla - PK : Adam Berti, Micki Dupont
Penalty Shots
Adam Berti, Nikolai Lemtyugov, Antoine Vermette, Artemi Panarin, Michal Rozsival
Custom OT Lines Forwards
Ryan Kesler, Nikolai Lemtyugov, Dustin Penner, Peter Holland, Artemi Panarin, Adam Berti, Brandon Sutter, Antoine Vermette, Daniel Paille, Artem Anisimov
Custom OT Lines Defensemen
Michal Rozsival, Micki Dupont, Rostislav Klesla, Sami Vatanen, Adam Berti

Scratches
None

Hurricanes

5 vs 5 Forward 
   Center                   Left Wing                Right Wing               Time % Phy DF OF 
 1 Mike Ribeiro             Lee Stempniak            Juraj Kolnik             44     1   2  2  
 2 Ilya Kovalchuk           Brett Sterling           Marius Holtet            30     2   3  0  
 3 David Brine              Chris Kunitz             Nikita Kucherov          20     1   2  2  
 4 Daniel Briere            Tomas Pospisil           Mikkel Boedker           6      1   2  2  

5 vs 5 Defense 
   Defense                  Defense                                           Time % Phy DF OF 
 1 Marc-Andre Bergeron      Dylan Reese                                       37     0   2  3  
 2 Jordan Leopold           Kris Russell                                      30     0   3  2  
 3 Radko Gudas              Brian Lee                                         20     0   3  2  
 4 Radko Gudas              Jordan Leopold                                    13     1   2  2  

PowerPlay Forward 
   Center                   Left Wing                Right Wing               Time % Phy DF OF 
 1 David Brine              Brett Sterling           Juraj Kolnik             56     1   2  2  
 2 Mike Ribeiro             Nikita Kucherov          Lee Stempniak            44     1   2  2  

PowerPlay Defense
   Defense                  Defense                                           Time % Phy DF OF 
 1 Dylan Reese              Radko Gudas                                       64     1   2  2  
 2 Kris Russell             Marc-Andre Bergeron                               36     1   2  2  

Penalty Kill 4 Players Forward 
   Center                   Wing                     Time % Phy DF OF 
 1 Mike Ribeiro             Lee Stempniak            60     3   1  1  
 2 Daniel Briere            Juraj Kolnik             40     1   2  2  

Penalty Kill 4 Players Defense
   Defense                  Defense                  Time % Phy DF OF 
 1 Jordan Leopold           Radko Gudas              60     1   2  2  
 2 Kris Russell             Marc-Andre Bergeron      40     0   2  3  

Penalty Kill - 3 Players Forward 
   Forward                                           Time % Phy DF OF 
 1 Marius Holtet                                     60     1   3  1  
 2 Daniel Briere                                     40     1   0  4  

Penalty Kill - 3 Players Defense
   Defense                  Defense                  Time % Phy DF OF 
 1 Jordan Leopold           Radko Gudas              60     1   2  2  
 2 Kris Russell             Dylan Reese              40     1   1  3  

4 vs 4 Forward 
   Center                   Wing                     Time % Phy DF OF 
 1 Mike Ribeiro             Brett Sterling           60     1   2  2  
 2 Daniel Briere            Chris Kunitz             40     0   2  3  

4 vs 4 Defense
   Defense                  Defense                  Time % Phy DF OF 
 1 Marc-Andre Bergeron      Dylan Reese              59     4   1  0  
 2 Jordan Leopold           Radko Gudas              41     1   2  2  

Last Minutes Offensive
   Center                   Left Wing                Right Wing               Defense                  Defense                  
   David Brine              Marius Holtet            Mikkel Boedker           Jordan Leopold           Marc-Andre Bergeron      

Last Minutes Defensive
   Center                   Left Wing                Right Wing               Defense                  Defense                  
   Lee Stempniak            Mike Ribeiro             Ilya Kovalchuk           Marc-Andre Bergeron      Jordan Leopold           

Goaltenders
Starting : Henrik Lundqvist         
Backup : Jimmy Howard             

Extra Forwards
Normal : Lee Stempniak, Nikita Kucherov, Brett Sterling - PP : Marius Holtet, Brett Sterling - PK : Tomas Pospisil
Extra Defensemen
Normal : Kris Russell, Marc-Andre Bergeron, Radko Gudas - PP : Radko Gudas - PK : Jordan Leopold, Brian Lee
Penalty Shots
David Brine, Tomas Pospisil, Brian Lee, Nikita Kucherov, Mikkel Boedker
Custom OT Lines Forwards
Chris Kunitz, Mikkel Boedker, Tomas Pospisil, Nikita Kucherov, Juraj Kolnik, Ilya Kovalchuk, Daniel Briere, Brett Sterling, Lee Stempniak, Mike Ribeiro
Custom OT Lines Defensemen
Jordan Leopold, Radko Gudas, Brian Lee, Dylan Reese, Kris Russell

Scratches
Peter Aston (Strained Right Knee Injury)

% Time on Ice - Devils

Lines # - Real PCT - Wanted PCT - Time Play
Normal Forward
1 - 32% - 32% - 12:38
2 - 28% - 26% - 10:58
3 - 23% - 23% - 9:16
4 - 17% - 19% - 6:48
Normal Defense
1 - 33% - 34% - 12:55
2 - 30% - 34% - 11:59
3 - 34% - 32% - 13:40
4 - 3% - 0% - 1:06
PP Forward
1 - 31% - 40% - 2:39
2 - 69% - 60% - 5:47
PP Defense
1 - 52% - 54% - 4:25
2 - 48% - 46% - 4:01
PK Forward
1 - 22% - 45% - 2:11
2 - 78% - 55% - 7:44
PK Defense
1 - 76% - 60% - 7:30
2 - 24% - 40% - 2:25
PK3 Forward
1 - 0% - 40%
2 - 0% - 60%
PK3 Defense
1 - 0% - 60%
2 - 0% - 40%
44 Forward
1 - 45% - 40% - 0:54
2 - 55% - 60% - 1:05
44 Defense
1 - 55% - 60% - 1:05
2 - 45% - 40% - 0:54
Last Minute Offensive  - 0:00
Last Minute Defensive  - 0:00
Total
Forward - 60:00
Defense - 60:00

% Time on Ice - Hurricanes

Lines # - Real PCT - Wanted PCT - Time Play
Normal Forward
1 - 34% - 44% - 13:20
2 - 34% - 30% - 13:22
3 - 22% - 20% - 8:38
4 - 11% - 6% - 4:20
Normal Defense
1 - 39% - 37% - 15:33
2 - 31% - 30% - 12:24
3 - 20% - 20% - 8:03
4 - 9% - 13% - 3:40
PP Forward
1 - 47% - 56% - 4:37
2 - 53% - 44% - 5:18
PP Defense
1 - 58% - 64% - 5:48
2 - 42% - 36% - 4:07
PK Forward
1 - 74% - 60% - 6:12
2 - 26% - 40% - 2:14
PK Defense
1 - 64% - 60% - 5:26
2 - 36% - 40% - 3:00
PK3 Forward
1 - 0% - 60%
2 - 0% - 40%
PK3 Defense
1 - 0% - 60%
2 - 0% - 40%
44 Forward
1 - 52% - 60% - 1:02
2 - 48% - 40% - 0:57
44 Defense
1 - 52% - 59% - 1:02
2 - 48% - 41% - 0:57
Last Minute Offensive  - 0:00
Last Minute Defensive  - 0:00
Total
Forward - 60:00
Defense - 60:00

Play by Play

1st period


0:01 of 1st period - Artemi Panarin wins face-off versus Mike Ribeiro in neutral zone.
0:07 of 1st period - Minor Penalty to Juraj Kolnik for High sticking.
0:07 of 1st period - Minor Penalty to Dustin Penner for Cross-checking.
0:08 of 1st period - Daniel Paille wins face-off versus Brett Sterling in neutral zone.
1:19 of 1st period - Shot by Yann Sauve.
1:19 of 1st period - Deflect By Nikolai Lemtyugov.
1:19 of 1st period - Stopped by Henrik Lundqvist without a rebound.
1:20 of 1st period - Adam Berti wins face-off versus Daniel Briere in Hurricanes zone.
2:39 of 1st period - Shot by Sami Vatanen.
2:39 of 1st period - Stopped by Henrik Lundqvist without a rebound.
2:40 of 1st period - Ryan Kesler wins face-off versus Ilya Kovalchuk in Hurricanes zone.
3:02 of 1st period - Marius Holtet is hit by Michal Rozsival and loses puck.
3:11 of 1st period - Shot by Ilya Kovalchuk.
3:11 of 1st period - Deflect By Brett Sterling.
3:11 of 1st period - Stopped by Cody Rudkowsky without a rebound.
3:12 of 1st period - Chris Kunitz wins face-off versus Auston Matthews in Devils zone.
3:27 of 1st period - Shot by Brian Lee.
3:27 of 1st period - Shot Blocked by Yann Sauve.
3:29 of 1st period - Shot by Brian Lee.
3:29 of 1st period - Shot Blocked by Auston Matthews.
3:37 of 1st period - Shot by Nikita Kucherov.
3:37 of 1st period - Goal by Nikita Kucherov - Devils : 0 - Hurricanes : 1.
3:38 of 1st period - Artem Anisimov wins face-off versus Mikkel Boedker in neutral zone.
3:38 of 1st period - Brandon Sutter is hit by Daniel Briere.
4:02 of 1st period - Off-side.
4:03 of 1st period - Ryan Kesler wins face-off versus Mike Ribeiro in neutral zone.
4:18 of 1st period - Shot by Yann Sauve.
4:18 of 1st period - Stopped by Henrik Lundqvist without a rebound.
4:19 of 1st period - Ilya Kovalchuk wins face-off versus Auston Matthews in Hurricanes zone.
4:19 of 1st period - Ilya Kovalchuk is hit by Adam Berti.
4:44 of 1st period - Icing by Brian Lee.
4:45 of 1st period - Artem Anisimov wins face-off versus Ilya Kovalchuk in Hurricanes zone.
5:22 of 1st period - Shot by Daniel Paille.
5:22 of 1st period - Stopped by Henrik Lundqvist with a rebound.
5:50 of 1st period - Shot by Ryan Kesler.
5:50 of 1st period - Shot Misses the Net.
6:15 of 1st period - Dustin Penner is hit by Dylan Reese.
6:19 of 1st period - Shot by Ryan Kesler.
6:19 of 1st period - Stopped by Henrik Lundqvist with a rebound.
6:21 of 1st period - Shot by Dustin Penner.
6:21 of 1st period - Shot Misses the Net.
6:23 of 1st period - Shot by Ryan Kesler.
6:23 of 1st period - Shot Blocked by Marc-Andre Bergeron.
6:48 of 1st period - Shot by Nikolai Lemtyugov.
6:48 of 1st period - Shot Misses the Net.
6:50 of 1st period - Shot by Michal Rozsival.
6:50 of 1st period - Shot Misses the Net.
6:52 of 1st period - Shot by Adam Berti.
6:52 of 1st period - Goal by Adam Berti - Devils : 1 - Hurricanes : 1.
6:53 of 1st period - David Brine wins face-off versus Antoine Vermette in neutral zone.
6:56 of 1st period - Michal Rozsival is hit by David Brine and loses puck.
7:23 of 1st period - Shot by Jordan Leopold.
7:23 of 1st period - Shot Misses the Net.
8:49 of 1st period - Ilya Kovalchuk is hit by Micki Dupont and loses puck.
8:57 of 1st period - Icing by Sami Vatanen.
8:58 of 1st period - Daniel Briere wins face-off versus Ryan Kesler in Devils zone.
9:04 of 1st period - Minor Penalty to Micki Dupont for High sticking.
9:05 of 1st period - Mike Ribeiro wins face-off versus Antoine Vermette in Devils zone.
9:23 of 1st period - Icing by Mike Ribeiro.
9:24 of 1st period - Mike Ribeiro wins face-off versus Nikolai Lemtyugov in Hurricanes zone.
9:44 of 1st period - Shot by Dylan Reese.
9:44 of 1st period - Stopped by Cody Rudkowsky without a rebound.
9:45 of 1st period - David Brine wins face-off versus Antoine Vermette in Devils zone.
10:06 of 1st period - Shot by David Brine.
10:06 of 1st period - Stopped by Cody Rudkowsky with a rebound.
10:08 of 1st period - Shot by David Brine.
10:08 of 1st period - Shot Blocked by Sami Vatanen.
10:54 of 1st period - Radko Gudas is hit by Antoine Vermette and loses puck.
11:03 of 1st period - Shot by Antoine Vermette.
11:03 of 1st period - Stopped by Henrik Lundqvist without a rebound.
11:04 of 1st period - Daniel Briere wins face-off versus Dustin Penner in Hurricanes zone.
11:12 of 1st period - Minor Penalty to Daniel Briere for Interference.
11:13 of 1st period - Mike Ribeiro wins face-off versus Ryan Kesler in Hurricanes zone.
11:13 of 1st period - Mike Ribeiro is hit by Dustin Penner.
12:03 of 1st period - Ryan Kesler is hit by Radko Gudas and loses puck.
12:19 of 1st period - Daniel Paille is hit by Radko Gudas and loses puck.
12:44 of 1st period - Shot by Sami Vatanen.
12:44 of 1st period - Stopped by Henrik Lundqvist without a rebound.
12:45 of 1st period - Mike Ribeiro wins face-off versus Ryan Kesler in Hurricanes zone.
12:54 of 1st period - Ilya Kovalchuk is hit by Ryan Kesler and loses puck.
13:12 of 1st period - Shot by Ryan Kesler.
13:12 of 1st period - Shot Misses the Net.
13:14 of 1st period - Shot by Michel Ouellet.
13:14 of 1st period - Stopped by Henrik Lundqvist without a rebound.
13:15 of 1st period - Daniel Briere wins face-off versus Antoine Vermette in Hurricanes zone.
13:30 of 1st period - Shot by Mikkel Boedker.
13:30 of 1st period - Shot Misses the Net.
13:32 of 1st period - Shot by Mikkel Boedker.
13:32 of 1st period - Stopped by Cody Rudkowsky without a rebound.
13:33 of 1st period - Ilya Kovalchuk wins face-off versus Artem Anisimov in Devils zone.
13:36 of 1st period - Shot by Dylan Reese.
13:36 of 1st period - Shot Misses the Net.
13:38 of 1st period - Shot by Ilya Kovalchuk.
13:38 of 1st period - Shot Misses the Net.
13:40 of 1st period - Shot by Brett Sterling.
13:40 of 1st period - Stopped by Cody Rudkowsky without a rebound.
13:41 of 1st period - Mike Ribeiro wins face-off versus Artem Anisimov in Devils zone.
13:46 of 1st period - Shot by Juraj Kolnik.
13:46 of 1st period - Stopped by Cody Rudkowsky without a rebound.
13:47 of 1st period - Mike Ribeiro wins face-off versus Artem Anisimov in Devils zone.
13:47 of 1st period - Dylan Reese is hit by Micki Dupont.
14:03 of 1st period - Shot by Mike Ribeiro.
14:03 of 1st period - Stopped by Cody Rudkowsky without a rebound.
14:04 of 1st period - Ilya Kovalchuk wins face-off versus Ryan Kesler in Devils zone.
14:04 of 1st period - Kris Russell is hit by Rostislav Klesla and loses puck.
14:19 of 1st period - Shot by Artemi Panarin.
14:19 of 1st period - Deflect By Ryan Kesler.
14:19 of 1st period - Stopped by Henrik Lundqvist without a rebound.
14:20 of 1st period - Auston Matthews wins face-off versus Mike Ribeiro in Hurricanes zone.
14:33 of 1st period - Off-side.
14:34 of 1st period - Brett Sterling wins face-off versus Ryan Kesler in neutral zone.
14:36 of 1st period - Kris Russell is hit by Rostislav Klesla and loses puck.
14:53 of 1st period - Shot by Artemi Panarin.
14:53 of 1st period - Shot Misses the Net.
15:59 of 1st period - Shot by Auston Matthews.
15:59 of 1st period - Shot Blocked by Dylan Reese.
16:01 of 1st period - Shot by Adam Berti.
16:01 of 1st period - Shot Misses the Net.
16:05 of 1st period - Shot by Auston Matthews.
16:05 of 1st period - Stopped by Henrik Lundqvist without a rebound.
16:06 of 1st period - Nikita Kucherov wins face-off versus Artem Anisimov in Hurricanes zone.
16:06 of 1st period - Nikita Kucherov is hit by Artem Anisimov.
16:13 of 1st period - Icing by Brian Lee.
16:14 of 1st period - Artem Anisimov wins face-off versus David Brine in Hurricanes zone.
16:36 of 1st period - Artem Anisimov is hit by Chris Kunitz and loses puck.
16:43 of 1st period - Shot by Chris Kunitz.
16:43 of 1st period - Stopped by Cody Rudkowsky with a rebound.
17:18 of 1st period - Minor Penalty to Rostislav Klesla for Tripping.
17:19 of 1st period - David Brine wins face-off versus Antoine Vermette in Devils zone.
17:19 of 1st period - David Brine is hit by Micki Dupont.
17:25 of 1st period - Shot by Brett Sterling.
17:25 of 1st period - Deflect By David Brine.
17:25 of 1st period - Stopped by Cody Rudkowsky with a rebound.
19:14 of 1st period - Shot by Kris Russell.
19:14 of 1st period - Stopped by Cody Rudkowsky without a rebound.
19:15 of 1st period - Mike Ribeiro wins face-off versus Nikolai Lemtyugov in Devils zone.
19:28 of 1st period - Shot by Tomas Pospisil.
19:28 of 1st period - Goal by Tomas Pospisil - Devils : 1 - Hurricanes : 2.
19:29 of 1st period - Ilya Kovalchuk wins face-off versus Artemi Panarin in neutral zone.
19:35 of 1st period - Icing by Brett Sterling.
19:36 of 1st period - Ryan Kesler wins face-off versus Ilya Kovalchuk in Hurricanes zone.
19:41 of 1st period - Shot by Artemi Panarin.
19:41 of 1st period - Shot Blocked by Kris Russell.
19:52 of 1st period - Icing by Jordan Leopold.
19:53 of 1st period - Ilya Kovalchuk wins face-off versus Artem Anisimov in Hurricanes zone.
19:55 of 1st period - Icing by Brett Sterling.
19:56 of 1st period - Ilya Kovalchuk wins face-off versus Ryan Kesler in Hurricanes zone.
Goals for this period are 1 for Devils vs 2 for Hurricanes.
Shots for this period are 11 for Devils vs 12 for Hurricanes.

2nd period


0:01 of 2nd period - Mike Ribeiro wins face-off versus Auston Matthews in neutral zone.
0:11 of 2nd period - Rostislav Klesla is hit by Dylan Reese and loses puck.
0:59 of 2nd period - Antoine Vermette is hit by Dylan Reese and loses puck.
1:09 of 2nd period - Off-side.
1:10 of 2nd period - Marius Holtet wins face-off versus Dustin Penner in neutral zone.
1:10 of 2nd period - Marius Holtet is hit by Dustin Penner.
1:36 of 2nd period - Shot by Artemi Panarin.
1:36 of 2nd period - Stopped by Henrik Lundqvist without a rebound.
1:37 of 2nd period - Antoine Vermette wins face-off versus David Brine in Hurricanes zone.
1:50 of 2nd period - Shot by Peter Holland.
1:50 of 2nd period - Stopped by Henrik Lundqvist without a rebound.
1:51 of 2nd period - Artem Anisimov wins face-off versus Mikkel Boedker in Hurricanes zone.
1:54 of 2nd period - Shot by Brandon Sutter.
1:54 of 2nd period - Shot Blocked by Radko Gudas.
2:21 of 2nd period - Daniel Briere is hit by Daniel Paille and loses puck.
2:32 of 2nd period - Shot by Daniel Briere.
2:32 of 2nd period - Shot Misses the Net.
3:00 of 2nd period - Shot by Brett Sterling.
3:00 of 2nd period - Stopped by Cody Rudkowsky with a rebound.
3:02 of 2nd period - Shot by Ilya Kovalchuk.
3:02 of 2nd period - Goal by Ilya Kovalchuk - Devils : 1 - Hurricanes : 3.
3:03 of 2nd period - Auston Matthews wins face-off versus Mike Ribeiro in neutral zone.
3:06 of 2nd period - Shot by Nikolai Lemtyugov.
3:06 of 2nd period - Stopped by Henrik Lundqvist without a rebound.
3:07 of 2nd period - Mike Ribeiro wins face-off versus Auston Matthews in Hurricanes zone.
3:07 of 2nd period - Mike Ribeiro is hit by Adam Berti.
3:21 of 2nd period - Shot by Lee Stempniak.
3:21 of 2nd period - Shot Blocked by Sami Vatanen.
3:30 of 2nd period - Icing by Juraj Kolnik.
3:31 of 2nd period - Mike Ribeiro wins face-off versus Ryan Kesler in Hurricanes zone.
3:54 of 2nd period - Shot by Juraj Kolnik.
3:54 of 2nd period - Shot Misses the Net.
3:56 of 2nd period - Shot by Dylan Reese.
3:56 of 2nd period - Shot Blocked by Yann Sauve.
4:25 of 2nd period - Shot by David Brine.
4:25 of 2nd period - Stopped by Cody Rudkowsky without a rebound.
4:26 of 2nd period - Antoine Vermette wins face-off versus Ilya Kovalchuk in Devils zone.
4:26 of 2nd period - Antoine Vermette is hit by Ilya Kovalchuk.
4:34 of 2nd period - Shot by Peter Holland.
4:34 of 2nd period - Stopped by Henrik Lundqvist without a rebound.
4:35 of 2nd period - Ilya Kovalchuk wins face-off versus Auston Matthews in Hurricanes zone.
4:42 of 2nd period - Shot by Ilya Kovalchuk.
4:42 of 2nd period - Shot Misses the Net.
5:00 of 2nd period - Icing by Jordan Leopold.
5:01 of 2nd period - Michel Ouellet wins face-off versus Marius Holtet in Hurricanes zone.
5:56 of 2nd period - Micki Dupont is hit by Ilya Kovalchuk and loses puck.
6:06 of 2nd period - Icing by Artemi Panarin.
6:07 of 2nd period - Ryan Kesler wins face-off versus Mike Ribeiro in Devils zone.
6:13 of 2nd period - Off-side.
6:14 of 2nd period - Auston Matthews wins face-off versus Lee Stempniak in neutral zone.
6:32 of 2nd period - Shot by Ryan O'Byrne.
6:32 of 2nd period - Shot Misses the Net.
7:29 of 2nd period - Minor Penalty to Chris Kunitz for Tripping.
7:30 of 2nd period - Tomas Pospisil wins face-off versus Ryan Kesler in Hurricanes zone.
7:47 of 2nd period - Shot by Dustin Penner.
7:47 of 2nd period - Stopped by Henrik Lundqvist without a rebound.
7:48 of 2nd period - Tomas Pospisil wins face-off versus Ryan Kesler in Hurricanes zone.
8:11 of 2nd period - Shot by Ryan Kesler.
8:11 of 2nd period - Deflect By Dustin Penner.
8:11 of 2nd period - Stopped by Henrik Lundqvist without a rebound.
8:12 of 2nd period - Daniel Paille wins face-off versus Mike Ribeiro in Hurricanes zone.
8:13 of 2nd period - Shot by Nikolai Lemtyugov.
8:13 of 2nd period - Deflect By Daniel Paille.
8:13 of 2nd period - Stopped by Henrik Lundqvist with a rebound.
8:15 of 2nd period - Shot by Adam Berti.
8:15 of 2nd period - Shot Misses the Net.
8:17 of 2nd period - Shot by Rostislav Klesla.
8:17 of 2nd period - Stopped by Henrik Lundqvist without a rebound.
8:18 of 2nd period - Mike Ribeiro wins face-off versus Adam Berti in Hurricanes zone.
8:18 of 2nd period - Jordan Leopold is hit by Adam Berti and loses puck.
8:23 of 2nd period - Shot by Nikolai Lemtyugov.
8:23 of 2nd period - Goal by Nikolai Lemtyugov - Devils : 2 - Hurricanes : 3.
8:24 of 2nd period - Antoine Vermette wins face-off versus David Brine in neutral zone.
9:40 of 2nd period - Shot by Artemi Panarin.
9:40 of 2nd period - Shot Misses the Net.
9:58 of 2nd period - Shot by Mike Ribeiro.
9:58 of 2nd period - Shot Misses the Net.
10:08 of 2nd period - Shot by Mike Ribeiro.
10:08 of 2nd period - Shot Misses the Net.
10:10 of 2nd period - Shot by Juraj Kolnik.
10:10 of 2nd period - Shot Misses the Net.
10:12 of 2nd period - Shot by Dylan Reese.
10:12 of 2nd period - Stopped by Cody Rudkowsky without a rebound.
10:13 of 2nd period - Marius Holtet wins face-off versus Auston Matthews in Devils zone.
10:18 of 2nd period - Shot by Marius Holtet.
10:18 of 2nd period - Stopped by Cody Rudkowsky without a rebound.
10:19 of 2nd period - Ilya Kovalchuk wins face-off versus Artem Anisimov in Devils zone.
10:24 of 2nd period - Shot by Ilya Kovalchuk.
10:24 of 2nd period - Goal by Ilya Kovalchuk - Devils : 2 - Hurricanes : 4.
10:25 of 2nd period - Auston Matthews wins face-off versus Marius Holtet in neutral zone.
10:56 of 2nd period - Shot by Ilya Kovalchuk.
10:56 of 2nd period - Stopped by Cody Rudkowsky without a rebound.
10:57 of 2nd period - Mike Ribeiro wins face-off versus Daniel Paille in Devils zone.
11:08 of 2nd period - Shot by Dylan Reese.
11:08 of 2nd period - Shot Blocked by Artem Anisimov.
11:10 of 2nd period - Shot by Marc-Andre Bergeron.
11:10 of 2nd period - Stopped by Cody Rudkowsky without a rebound.
11:11 of 2nd period - David Brine wins face-off versus Ryan Kesler in Devils zone.
11:13 of 2nd period - Nikita Kucherov is hit by Micki Dupont and loses puck.
11:21 of 2nd period - Minor Penalty to Micki Dupont for Slashing.
11:22 of 2nd period - Antoine Vermette wins face-off versus David Brine in Devils zone.
11:22 of 2nd period - Antoine Vermette is hit by David Brine.
11:35 of 2nd period - Icing by Dylan Reese.
11:36 of 2nd period - Antoine Vermette wins face-off versus David Brine in Hurricanes zone.
12:22 of 2nd period - Shot by Lee Stempniak.
12:22 of 2nd period - Stopped by Cody Rudkowsky with a rebound.
12:24 of 2nd period - Shot by Nikita Kucherov.
12:24 of 2nd period - Stopped by Cody Rudkowsky without a rebound.
12:25 of 2nd period - Mike Ribeiro wins face-off versus Antoine Vermette in Devils zone.
12:25 of 2nd period - Mike Ribeiro is hit by Michal Rozsival.
12:31 of 2nd period - Shot by Kris Russell.
12:31 of 2nd period - Shot Misses the Net.
12:39 of 2nd period - Shot by Kris Russell.
12:39 of 2nd period - Shot Blocked by Sami Vatanen.
12:41 of 2nd period - Shot by Marc-Andre Bergeron.
12:41 of 2nd period - Stopped by Cody Rudkowsky with a rebound.
12:43 of 2nd period - Shot by Kris Russell.
12:43 of 2nd period - Shot Blocked by Michal Rozsival.
12:45 of 2nd period - Shot by Nikita Kucherov.
12:45 of 2nd period - Shot Misses the Net.
13:21 of 2nd period - Shot by Brett Sterling.
13:21 of 2nd period - Shot Misses the Net.
13:29 of 2nd period - Shot by Artemi Panarin.
13:29 of 2nd period - Shot Misses the Net.
13:42 of 2nd period - Tomas Pospisil is hit by Ryan O'Byrne and loses puck.
13:55 of 2nd period - Shot by Daniel Briere.
13:55 of 2nd period - Stopped by Cody Rudkowsky without a rebound.
13:56 of 2nd period - Artem Anisimov wins face-off versus Ilya Kovalchuk in Devils zone.
14:01 of 2nd period - Shot by Ilya Kovalchuk.
14:01 of 2nd period - Shot Blocked by Micki Dupont.
14:03 of 2nd period - Shot by Marc-Andre Bergeron.
14:03 of 2nd period - Shot Misses the Net.
14:26 of 2nd period - Shot by Marius Holtet.
14:26 of 2nd period - Deflect By Ilya Kovalchuk.
14:26 of 2nd period - Shot Misses the Net.
14:43 of 2nd period - Icing by Micki Dupont.
14:44 of 2nd period - Artem Anisimov wins face-off versus Mike Ribeiro in Devils zone.
14:50 of 2nd period - Off-side.
14:51 of 2nd period - Nikolai Lemtyugov wins face-off versus Lee Stempniak in neutral zone.
14:54 of 2nd period - Shot by Auston Matthews.
14:54 of 2nd period - Stopped by Henrik Lundqvist without a rebound.
14:55 of 2nd period - Mike Ribeiro wins face-off versus Auston Matthews in Hurricanes zone.
15:02 of 2nd period - Shot by Mike Ribeiro.
15:02 of 2nd period - Shot Hit the Post.
15:57 of 2nd period - Shot by Ryan Kesler.
15:57 of 2nd period - Shot Misses the Net.
16:13 of 2nd period - Shot by Ryan Kesler.
16:13 of 2nd period - Deflect By Dustin Penner.
16:13 of 2nd period - Shot Misses the Net.
17:30 of 2nd period - Shot by Peter Holland.
17:30 of 2nd period - Shot Misses the Net.
17:32 of 2nd period - Shot by Micki Dupont.
17:32 of 2nd period - Stopped by Henrik Lundqvist without a rebound.
17:33 of 2nd period - Artem Anisimov wins face-off versus Daniel Briere in Hurricanes zone.
17:33 of 2nd period - Daniel Paille is hit by Radko Gudas.
18:11 of 2nd period - Shot by Yann Sauve.
18:11 of 2nd period - Stopped by Henrik Lundqvist without a rebound.
18:12 of 2nd period - Mike Ribeiro wins face-off versus Auston Matthews in Hurricanes zone.
18:31 of 2nd period - Shot by Mike Ribeiro.
18:31 of 2nd period - Deflect By Juraj Kolnik.
18:31 of 2nd period - Shot Misses the Net.
18:33 of 2nd period - Shot by Lee Stempniak.
18:33 of 2nd period - Stopped by Cody Rudkowsky without a rebound.
18:34 of 2nd period - Ilya Kovalchuk wins face-off versus Ryan Kesler in Devils zone.
19:35 of 2nd period - Shot by Lee Stempniak.
19:35 of 2nd period - Stopped by Cody Rudkowsky without a rebound.
19:36 of 2nd period - Auston Matthews wins face-off versus David Brine in Devils zone.
19:47 of 2nd period - Nikita Kucherov is hit by Adam Berti and loses puck.
19:54 of 2nd period - Shot by Sami Vatanen.
19:54 of 2nd period - Stopped by Henrik Lundqvist without a rebound.
19:55 of 2nd period - Mike Ribeiro wins face-off versus Michel Ouellet in Hurricanes zone.
Goals for this period are 1 for Devils vs 2 for Hurricanes.
Shots for this period are 13 for Devils vs 14 for Hurricanes.

3rd period


0:01 of 3rd period - Auston Matthews wins face-off versus Mike Ribeiro in neutral zone.
0:11 of 3rd period - Shot by Auston Matthews.
0:11 of 3rd period - Stopped by Henrik Lundqvist without a rebound.
0:12 of 3rd period - David Brine wins face-off versus Artem Anisimov in Hurricanes zone.
0:51 of 3rd period - Shot by Chris Kunitz.
0:51 of 3rd period - Stopped by Cody Rudkowsky without a rebound.
0:52 of 3rd period - Antoine Vermette wins face-off versus Mike Ribeiro in Devils zone.
0:52 of 3rd period - Antoine Vermette is hit by Juraj Kolnik.
1:08 of 3rd period - Shot by Antoine Vermette.
1:08 of 3rd period - Shot Blocked by Juraj Kolnik.
1:28 of 3rd period - Icing by Mike Ribeiro.
1:29 of 3rd period - Auston Matthews wins face-off versus Mike Ribeiro in Hurricanes zone.
1:53 of 3rd period - Minor Penalty to Adam Berti for Hooking.
1:54 of 3rd period - David Brine wins face-off versus Antoine Vermette in Devils zone.
2:13 of 3rd period - Antoine Vermette is hit by Marius Holtet and loses puck.
2:28 of 3rd period - Shot by Brett Sterling.
2:28 of 3rd period - Stopped by Cody Rudkowsky without a rebound.
2:29 of 3rd period - Antoine Vermette wins face-off versus Mike Ribeiro in Devils zone.
2:42 of 3rd period - Micki Dupont is hit by Nikita Kucherov and loses puck.
3:00 of 3rd period - Nikita Kucherov is hit by Micki Dupont and loses puck.
4:10 of 3rd period - Minor Penalty to Adam Berti for High sticking.
4:11 of 3rd period - Mike Ribeiro wins face-off versus Antoine Vermette in Devils zone.
4:14 of 3rd period - Shot by Nikita Kucherov.
4:14 of 3rd period - Stopped by Cody Rudkowsky without a rebound.
4:15 of 3rd period - Brett Sterling wins face-off versus Antoine Vermette in Devils zone.
4:15 of 3rd period - Dylan Reese is hit by Rostislav Klesla and loses puck.
4:18 of 3rd period - Shot by Radko Gudas.
4:18 of 3rd period - Stopped by Cody Rudkowsky without a rebound.
4:19 of 3rd period - David Brine wins face-off versus Antoine Vermette in Devils zone.
4:38 of 3rd period - Shot by Radko Gudas.
4:38 of 3rd period - Deflect By Brett Sterling.
4:38 of 3rd period - Stopped by Cody Rudkowsky without a rebound.
4:39 of 3rd period - Antoine Vermette wins face-off versus Mike Ribeiro in Devils zone.
4:58 of 3rd period - Shot by Mike Ribeiro.
4:58 of 3rd period - Stopped by Cody Rudkowsky without a rebound.
4:59 of 3rd period - Juraj Kolnik wins face-off versus Daniel Paille in Devils zone.
5:16 of 3rd period - Shot by Brett Sterling.
5:16 of 3rd period - Stopped by Cody Rudkowsky without a rebound.
5:17 of 3rd period - Antoine Vermette wins face-off versus Mike Ribeiro in Devils zone.
5:22 of 3rd period - Shot by Kris Russell.
5:22 of 3rd period - Shot Misses the Net.
5:24 of 3rd period - Shot by Kris Russell.
5:24 of 3rd period - Stopped by Cody Rudkowsky without a rebound.
5:25 of 3rd period - Antoine Vermette wins face-off versus Mike Ribeiro in Devils zone.
6:52 of 3rd period - Shot by Brett Sterling.
6:52 of 3rd period - Shot Misses the Net.
7:26 of 3rd period - Minor Penalty to Daniel Briere for Roughing.
7:27 of 3rd period - Mike Ribeiro wins face-off versus Ryan Kesler in Hurricanes zone.
7:35 of 3rd period - Icing by Sami Vatanen.
7:36 of 3rd period - Lee Stempniak wins face-off versus Ryan Kesler in Devils zone.
7:59 of 3rd period - Shot by Sami Vatanen.
7:59 of 3rd period - Shot Misses the Net.
8:01 of 3rd period - Shot by Micki Dupont.
8:01 of 3rd period - Stopped by Henrik Lundqvist without a rebound.
8:02 of 3rd period - Daniel Paille wins face-off versus Mike Ribeiro in Hurricanes zone.
8:54 of 3rd period - Shot by Sami Vatanen.
8:54 of 3rd period - Shot Misses the Net.
8:56 of 3rd period - Shot by Ryan Kesler.
8:56 of 3rd period - Stopped by Henrik Lundqvist without a rebound.
8:57 of 3rd period - Mike Ribeiro wins face-off versus Ryan Kesler in Hurricanes zone.
9:43 of 3rd period - Yann Sauve is hit by Dylan Reese and loses puck.
10:03 of 3rd period - Peter Holland is hit by Dylan Reese and loses puck.
10:07 of 3rd period - Michel Ouellet is hit by Dylan Reese and loses puck.
10:37 of 3rd period - Minor Penalty to Radko Gudas for Holding.
10:38 of 3rd period - Ryan Kesler wins face-off versus Mike Ribeiro in Hurricanes zone.
10:41 of 3rd period - Shot by Dustin Penner.
10:41 of 3rd period - Shot Misses the Net.
10:43 of 3rd period - Shot by Sami Vatanen.
10:43 of 3rd period - Stopped by Henrik Lundqvist without a rebound.
10:44 of 3rd period - Ryan Kesler wins face-off versus Mike Ribeiro in Hurricanes zone.
10:51 of 3rd period - Shot by Ryan Kesler.
10:51 of 3rd period - Stopped by Henrik Lundqvist without a rebound.
10:52 of 3rd period - Mike Ribeiro wins face-off versus Ryan Kesler in Hurricanes zone.
11:21 of 3rd period - Shot by Michal Rozsival.
11:21 of 3rd period - Stopped by Henrik Lundqvist with a rebound.
12:53 of 3rd period - Shot by Peter Holland.
12:53 of 3rd period - Shot Blocked by Brian Lee.
13:10 of 3rd period - Off-side.
13:11 of 3rd period - Daniel Paille wins face-off versus David Brine in neutral zone.
13:19 of 3rd period - Off-side.
13:20 of 3rd period - David Brine wins face-off versus Auston Matthews in neutral zone.
13:40 of 3rd period - Shot by Auston Matthews.
13:40 of 3rd period - Shot Blocked by Marc-Andre Bergeron.
13:48 of 3rd period - Shot by Nikita Kucherov.
13:48 of 3rd period - Shot Blocked by Sami Vatanen.
14:10 of 3rd period - Icing by Marc-Andre Bergeron.
14:11 of 3rd period - David Brine wins face-off versus Artem Anisimov in Hurricanes zone.
14:11 of 3rd period - Nikita Kucherov is hit by Daniel Paille and loses puck.
14:22 of 3rd period - Shot by Michal Rozsival.
14:22 of 3rd period - Stopped by Henrik Lundqvist with a rebound.
14:39 of 3rd period - Shot by Artem Anisimov.
14:39 of 3rd period - Shot Misses the Net.
14:41 of 3rd period - Shot by Brandon Sutter.
14:41 of 3rd period - Goal by Brandon Sutter - Devils : 3 - Hurricanes : 4.
14:42 of 3rd period - Dustin Penner wins face-off versus Mike Ribeiro in neutral zone.
14:42 of 3rd period - Ryan Kesler is hit by Juraj Kolnik.
15:15 of 3rd period - Mike Ribeiro is hit by Ryan O'Byrne and loses puck.
15:27 of 3rd period - Icing by Artemi Panarin.
15:28 of 3rd period - Ryan Kesler wins face-off versus Ilya Kovalchuk in Devils zone.
15:58 of 3rd period - Shot by Brett Sterling.
15:58 of 3rd period - Stopped by Cody Rudkowsky without a rebound.
15:59 of 3rd period - Daniel Briere wins face-off versus Auston Matthews in Devils zone.
15:59 of 3rd period - Dylan Reese is hit by Rostislav Klesla and loses puck.
16:10 of 3rd period - Shot by Daniel Briere.
16:10 of 3rd period - Shot Blocked by Michal Rozsival.
16:12 of 3rd period - Shot by Tomas Pospisil.
16:12 of 3rd period - Stopped by Cody Rudkowsky with a rebound.
16:14 of 3rd period - Shot by Tomas Pospisil.
16:14 of 3rd period - Stopped by Cody Rudkowsky without a rebound.
16:15 of 3rd period - Mike Ribeiro wins face-off versus Artem Anisimov in Devils zone.
16:26 of 3rd period - Shot by Artem Anisimov.
16:26 of 3rd period - Shot Misses the Net.
16:28 of 3rd period - Shot by Sami Vatanen.
16:28 of 3rd period - Shot Blocked by Kris Russell.
16:30 of 3rd period - Shot by Micki Dupont.
16:30 of 3rd period - Stopped by Henrik Lundqvist without a rebound.
16:31 of 3rd period - Ilya Kovalchuk wins face-off versus Ryan Kesler in Hurricanes zone.
16:47 of 3rd period - Icing by Rostislav Klesla.
16:48 of 3rd period - Mike Ribeiro wins face-off versus Ryan Kesler in Devils zone.
17:29 of 3rd period - Off-side.
17:30 of 3rd period - Artem Anisimov wins face-off versus Ilya Kovalchuk in neutral zone.
17:49 of 3rd period - Sami Vatanen is hit by Ilya Kovalchuk and loses puck.
17:56 of 3rd period - Shot by Ilya Kovalchuk.
17:56 of 3rd period - Stopped by Cody Rudkowsky without a rebound.
17:57 of 3rd period - Auston Matthews wins face-off versus David Brine in Devils zone.
17:57 of 3rd period - Adam Berti is hit by David Brine and loses puck.
18:21 of 3rd period - Shot by Auston Matthews.
18:21 of 3rd period - Stopped by Henrik Lundqvist with a rebound.
18:24 of 3rd period - Minor Penalty to Chris Kunitz for Hooking.
18:25 of 3rd period - Artemi Panarin wins face-off versus Mike Ribeiro in Hurricanes zone.
18:26 of 3rd period - Shot by Ryan Kesler.
18:26 of 3rd period - Shot Misses the Net.
18:34 of 3rd period - Shot by Ryan Kesler.
18:34 of 3rd period - Stopped by Henrik Lundqvist without a rebound.
18:35 of 3rd period - Ryan Kesler wins face-off versus Mike Ribeiro in Hurricanes zone.
19:01 of 3rd period - Devils, Cody Rudkowsky is pulled from the net.
19:38 of 3rd period - Shot by Nikolai Lemtyugov.
19:38 of 3rd period - Shot Blocked by Radko Gudas.
19:40 of 3rd period - Shot by Daniel Paille.
19:40 of 3rd period - Stopped by Henrik Lundqvist without a rebound.
19:41 of 3rd period - Mike Ribeiro wins face-off versus Daniel Paille in Hurricanes zone.
Goals for this period are 1 for Devils vs 0 for Hurricanes.
Shots for this period are 12 for Devils vs 12 for Hurricanes.